 Dungeon Crawl Stone Soup version 0.31-a0-1008-g5b978da (webtiles) character file.

Game seed: 15885646421791855506

44 Unit the Trooper (level 3, -7/49 HPs)
             Began as a Draconian Fighter on Nov 12, 2023.
             Mangled by Sigmund the tengu
             ... wielding a +0 scythe
              (9 damage)
             ... on level 4 of the Dungeon.
             The game lasted 00:01:39 (971 turns).

Unit the Trooper (Draconian Fighter)                 Turns: 971, Time: 00:01:40

Health: -7/49      AC:  5    Str: 20    XL:     3   Next: 39%
Magic:  3/3        EV: 12    Int:  8    God:
Gold:   80         SH:  4    Dex: 10    Spells: 2/2 levels left

rFire   . .          .
                       - Unarmed
rCold   . . .        a - +0 buckler
rNeg    . . .        (body armour unavailable)
rPois   .            (helmet restricted)
rElec   .            (no cloak)
rCorr   .            (no gloves)
SInv    .            (no boots)
Will    .....        (no amulet) Stlth
                     (no ring)
HPRegen 0.28/turn    (no ring)
MPRegen 0.08/turn

%: no passive effects
@: mighty, berserking (expiring), very quick
A: AC +5, unfitting armour, cold-blooded
a: no special abilities


You were on level 4 of the Dungeon.
You visited 1 branch of the dungeon, and saw 3 of its levels.

You collected 80 gold pieces.

Inventory:

Missiles
 e - 9 poisoned darts
Armour
 a - a +0 buckler (worn)
Talismans
 n - a talisman of death
Scrolls
 c - a scroll of summoning {unknown}
 f - a scroll of noise {unknown}
 h - 2 scrolls of fear {unknown}
 j - 5 scrolls of identify {unknown}
 l - a scroll of enchant weapon {unknown}
 o - a scroll of poison {unknown}
Potions
 g - a potion of ambrosia {unknown}
 i - a potion of mutation {unknown}
 k - a potion of cancellation {unknown}


   Skills:
 + Level 3.9 Fighting
 - Level 2.6 Dodging
 - Level 3.0 Shields
 * Level 3.3 Unarmed Combat


You had 2 spell levels left.
You didn't know any spells.
Your spell library was empty.

Dungeon Overview and Level Annotations

Branches:
Dungeon (2/15)

Altars:

Annotations:
D:4 Eustachio, Sigmund


Innate Abilities, Weirdness & Mutations

Your plain brown scales are hard. (AC +5)
You cannot fit into any form of body armour.
You are cold-blooded and may be slowed by cold attacks.


Message History

You barely miss Eustachio.
Eustachio is heavily wounded.
Sigmund misses you. Eustachio hits you but does no damage.
You punch Eustachio! You tail-slap Eustachio.
Eustachio is severely wounded.
Sigmund hits you from afar with a +0 scythe!
Eustachio barely misses you. Sigmund misses you.
You are too injured to fight recklessly!
You closely miss Eustachio.
Eustachio is severely wounded.
Eustachio mumbles some strange words.
Eustachio blinks!
Sigmund barely misses you.
It was a potion of berserk rage.
A red film seems to cover your vision as you go berserk!
You feel yourself moving faster!
You feel mighty!
Sigmund hits you from afar with a +0 scythe.
* * * LOW HITPOINT WARNING * * *
You feel a strong urge to attack something.
You hit Sigmund.
Sigmund is moderately wounded.
Sigmund closely misses you. Sigmund barely misses you.
Sigmund completely misses you.
You closely miss Sigmund.
Sigmund is moderately wounded.
Sigmund closely misses you. x2; Sigmund barely misses you.
You closely miss Sigmund.
Sigmund is moderately wounded.
You closely miss Eustachio.
Eustachio is severely wounded.
Eustachio casts a spell.
Sigmund hits you with a +0 scythe!
* * * LOW HITPOINT WARNING * * *
Sigmund pecks you.
* * * LOW HITPOINT WARNING * * *
You block Sigmund's attack.
You punch Sigmund!
Your tail-slap misses Sigmund.
Sigmund is almost dead.
Eustachio hits you but does no damage. Sigmund hits you with a +0 scythe!
You die...
Sigmund begins carving another notch in its scythe.

#....# #....#
####
#....##....
#..........
+.†........
#..........
#...#####+##
##...###....#
#....@.b.....
#...rQ@......
#....b.....[.
##...##.....#
#...# .....#
..... ......
#..... .....
#.... ....#


You could see Eustachio, Sigmund the tengu, 2 bats and a rat (summoned).

Vanquished Creatures
  An adder (D:4)
  A worm (D:2)
  3 endoplasms
  2 giant cockroaches (D:1)
  5 goblins (D:1)
  3 hobgoblins
  2 quokkas (D:2)
  2 ball pythons
  A bat (D:1)
  2 frilled lizards (D:1)
  4 kobolds (D:1)
  4 rats
30 creatures vanquished.

Notes
Turn   | Place    | Note
-------+----------+-------------------------------------------
     0 | D:1      | Unit the Draconian Fighter began the quest for the Orb.
     0 | D:1      | Reached XP level 1. HP: 19/19 MP: 1/1
    63 | D:1      | Reached XP level 2. HP: 23/26 MP: 2/2
   785 | D:2      | Reached XP level 3. HP: 33/33 MP: 3/3
   942 | D:2      | You fall into a shaft and drop 2 floors!
   954 | D:4      | Noticed Eustachio
   954 | D:4      | Noticed Sigmund
   956 | D:4      | Sigmund changed into Sigmund the tengu
   956 | D:4      | Noticed Sigmund
   970 | D:4      | HP: 2/49 [Sigmund the tengu/+0 scythe (2)]
   971 | D:4      | Mangled by Sigmund the tengu

Illustrated notes

Levels and vault maps discovered:
D:1:      denvon_arrival_planthouse, layout_basic
D:2:      layout_basic, hellmonk_ecumenical_altar_watching_god,
          kennysheep_minor_cross, uniq_crazy_yiuf_cottage
D:4:      layout_gridville, uniq_blork_the_orc, uniq_sigmund, uniq_eustachio,
          uniq_edmund

Skill      XL: |  1  2 |
---------------+-------+-----
Unarmed Combat | 3 |  3.3
Fighting       | |  3.9
Dodging        | |  2.6
Shields        | |  3.0

Action                     || total
---------------------------++-------
  Melee: Unarmed           ||    77
         Tailslap          ||     5
  Evoke: Wand              ||     1
    Use: Potion            ||     2
   Stab: Sleeping          ||     2
 Armour: Skin              ||    34
  Dodge: Dodged            ||    45
  Block: Buckler           ||    18

Table legend: (Time is in decaauts)
 A = Elapsed time spent in this place.
 B = Non-inter-level travel time spent in this place.
 C = Inter-level travel time spent in this place.
 D = Time resting spent in this place.
 E = Time spent auto-exploring this place.
 F = Levels seen in this place.
 G = Mean time per level.
                   A        B        C        D        E       F      G
               +--------+--------+--------+--------+--------+-----+--------+
         Total |    968 |    903 |     65 |      0 |    714 |   3 |  322.7 |
       Dungeon |    968 |    903 |     65 |      0 |    714 |   3 |  322.7 |
               +--------+--------+--------+--------+--------+-----+--------+

Top non-repeatable levels by time:
     D:1: 658 daAuts
     D:2: 282 daAuts
     D:4: 27 daAuts
